 Dungeon Crawl Stone Soup version 0.28-a0-1567-g1695149f81 (webtiles) character file.

Game seed: 11291232541389677668

3451 issech the Basher (level 9, -3/96 HPs)
             Began as a Troll Fighter on Jan 20, 2022.
             Was an Elder of Okawaru.
             Slain by an orc warrior (16 damage)
             ... in a bailey.
             The game lasted 00:27:45 (6018 turns).

issech the Basher (Troll Fighter)                   Turns: 6018, Time: 00:27:46

Health: -3/96      AC:  4    Str: 26    XL:     9   Next: 78%
Magic:  8/8        EV: 15    Int:  4    God:    Okawaru [****..]
Gold:   264        SH: 10    Dex: 19    Spells: 8/8 levels left

rFire   . . .      SeeInvis .   s - +4 flail (protect)
rCold   + . .      Faith    .   c - +0 kite shield
rNeg    . . .      Spirit   .   j - +0 robe {rC+}
rPois   .          Reflect  .   (helmet restricted)
rElec   .          Harm     .   (no cloak)
rCorr   .          Rampage  .   (gloves unavailable)
Will    .....                   (boots unavailable)
Stlth   ++........              b - amulet of regeneration
HPRegen 1.86/turn               z - +6 ring of dexterity
MPRegen 0.11/turn               r - +4 ring of evasion

@: studying Ice Magic, unable to read
A: large, unfitting armour, claws 3, regeneration 1, shaggy fur 1, tough skin 1,
robust 1, subdued magic 1, inability to read while threatened
a: Renounce Religion, Heroism, Finesse


You were in a bailey.
You worshipped Okawaru.
Okawaru was greatly pleased with you.
You visited 1 branch of the dungeon, and saw 7 of its levels.
You also visited: Bailey.

You collected 264 gold pieces.

Inventory:

Hand Weapons
 s - a +4 flail of protection (weapon)
 B - a +0 long sword
 D - a +0 hunting sling
 F - the +5 spear of Okawaru's Esteem {vamp, rPois rC- Will+++ Int+3}
   (You found it on level 7 of the Dungeon)

   It occasionally heals its wielder for a portion of the damage dealt when it
   wounds a living foe.
   Int:       It affects your intelligence (+3).
   rC:        It makes you vulnerable to cold.
   rPois:     It protects you from poison.
   Will:      It greatly increases your willpower.
 J - a +0 shortbow
 K - a +2 vampiric short sword
Missiles
 f - 34 sling bullets
 h - 179 arrows
 i - 167 stones (quivered)
 k - 6 poisoned darts
 n - a throwing net
 x - 14 bolts
Armour
 c - a +0 kite shield (worn)
 j - a +0 robe of cold resistance (worn)
Magical Staves
 H - a staff of earth
Jewellery
 b - an amulet of regeneration (around neck)
 q - a +6 ring of intelligence
 r - a +4 ring of evasion (right claw)
 y - a ring of wizardry
 z - a +6 ring of dexterity (left claw)
 E - a ring of positive energy
Wands
 a - a wand of flame (50)
 w - a wand of iceblast (7)
 I - a wand of acid (9)
Scrolls
 o - 2 scrolls of amnesia
 p - 3 scrolls of immolation
 C - 3 scrolls of teleportation
 G - a scroll of identify
 L - a scroll of blinking {unknown}
Potions
 d - a potion of might
 e - 2 potions of mutation
 g - 2 potions of magic
 l - a potion of curing {unknown}
 m - 3 potions of heal wounds
 t - 2 potions of ambrosia
 u - 3 potions of lignification
 v - 2 potions of attraction
 A - a potion of flight {unknown}


   Skills:
 + Level 5.1 Fighting
 + Level 8.9 Maces & Flails
 + Level 5.6 Dodging
 + Level 1.2 Stealth
 + Level 5.3 Shields


You had 8 spell levels left.
You didn't know any spells.
Your spell library contained the following spells:

 Spells                   Type           Power      Damage    Failure   Level
 Sandblast                Erth           0%         2d4       73%         1
 Ensorcelled Hibernation  Hex/Ice        0%         N/A       86%         2
 Passwall                 Tmut/Erth      0%         N/A       86%         2
 Gell's Gravitas          Tloc           0%         N/A       98%         3
 Spider Form              Tmut/Pois      0%         N/A       98%         3
 Stone Arrow              Conj/Erth      0%         3d7       98%         3
 Teleport Other           Tloc           0%         N/A       98%         3
 Anguish                  Hex/Necr       0%         N/A       100%        4
 Dispersal                Tloc           0%         N/A       100%        6
 Eringya's Noxious Bog    Tmut/Pois      0%         N/A       100%        6
 Lehudib's Crystal Spear  Conj/Erth      0%         10d2      100%        8
 Animate Armour           Summ/Erth      Unusable   N/A       N/A         4
 Summon Forest            Summ/Tloc      Unusable   N/A       N/A         5
 Summon Hydra             Summ           Unusable   N/A       N/A         7

Dungeon Overview and Level Annotations

Branches:
Dungeon (7/15)             Temple (0/1) D:7          Bailey (1/1)

Altars:
Ashenzari
Elyvilon
Makhleb
Nemelex Xobeh
Okawaru
Qazlal
Yredelemnul


Innate Abilities, Weirdness & Mutations

You are too large for most types of armour.
You have claws for hands.
Your natural rate of healing is unusually fast.
You are covered in fur. (AC +1)
You have tough skin. (AC +1)
You are robust. (+10% HP)
Your spells are a little easier to cast, but a little less powerful.
You sometimes lose the ability to read scrolls when taking damage.


Message History

Things that are here:
a +0 trident; a +0 ring mail; an orc corpse You enter the shallow water.
Moving in this stuff is going to be slow.
Things that are here:
a +0 spear; a +0 chain mail; an orc corpse
Things that are here:
a +0 trident; a +0 ring mail; an orc corpse
Things that are here:
a +0 spear; a +0 chain mail
Things that are here:
a +0 spear; a +0 scale mail
There are monsters nearby!
An orc warrior comes into view. It is wielding a +0 spear.
There is an open door here.
The orc knight shouts!
The orc warrior shouts!
The orc knight closely misses you.
An orc comes into view. It is wielding a +0 trident.
The orc knight roars a battlecry!
The orc warriors go into a battle-frenzy!
You block the orc warrior's attack.
The orc shouts!
You hear a shout!
An orc knight comes into view. It is wielding a +0 glaive.
The orc knight yells to no one in particular.
The orc knight hits you from afar with a +0 trident!
The orc warrior misses you.
The orc knight roars a battlecry!
The orcs go into a battle-frenzy!
The orc warrior hits you from afar with a +0 spear!
You open the door.
The orc knight hits you from afar with a +0 trident!
The orc warrior hits you from afar with a +0 spear!!
You feel threatened and lose the ability to read scrolls!
There is an open door, spattered with blood here.
The orc warrior hits you from afar with a +0 glaive!!
* * * LOW HITPOINT WARNING * * *
The orc knight hits you from afar with a +0 trident!
* * * LOW HITPOINT WARNING * * *
The orc warrior hits you from afar with a +0 spear!
You die...

.≈.########## ##########.≈.
.≈.##.$$$.##.........#'.....##.≈.
.≈..##.$.##.§§§≈.§≈≈..##...##..≈.
.≈≈..##.##.§§§.....≈≈..##.##..≈≈.
∩.≈≈..# #..§§§..⌠...§≈..#+#..≈≈.#
#.≈≈..# #.§§§..⌠∩⌠.§....# #..≈≈.∩
.≈≈..## #'..§§.ooo.§§§.# ##)))≈.
.≈..## #.§≈≈§≈≈≈§..# ##..≈. .≈.##
#§oo.@....# ##.≈.
.≈.#############'###'#########.≈.
.≈...)....).##.....##.......)..≈.
.≈≈)≈≈≈≈≈≈≈..##.∩.##..≈≈≈≈≈≈≈≈≈≈.
..........≈≈..##.##..≈≈..........
#########..≈≈..###..≈≈..#########
##..≈≈.....≈≈..## ##..≈≈≈≈≈≈≈..##
##.........##


You could see 2 orc knights, 2 orc warriors and an orc (strong).

Vanquished Creatures
  A two-headed ogre (D:6)
  A kobold demonologist (D:6)
  Grinder (D:3)
  A yak (D:6)
  A wraith (D:7)
  3 water moccasins (D:6)
  A black bear (D:6)
  4 orc warriors
  A sky beast (D:5)
  A necrophage (D:7)
  A centaur (D:7)
  A phantom (D:4)
  3 bullfrogs
  A water moccasin zombie (D:6)
  A howler monkey (D:5)
  A centaur zombie (D:7)
  2 hounds (D:6)
  A jelly (D:4)
  5 orc priests
  A bullfrog skeleton (D:5)
  Jessica (D:2)
  2 iguanas
  4 orc wizards
  A killer bee zombie (D:6)
  A hound skeleton (D:4)
  5 adders
  7 gnolls
  An ufetubus (D:5)
  An adder skeleton (D:3)
  2 worms (D:2)
  2 dart slugs
  27 orcs
  4 ball pythons
  7 endoplasms
  A giant cockroach (D:3)
  5 hobgoblins
  3 jackals (D:3)
  7 kobolds
  7 quokkas
  6 bats
  5 frilled lizards
  9 goblins
  5 rats
  A spectral orc (D:6)
146 creatures vanquished.

Notes
Turn   | Place    | Note
-------+----------+-------------------------------------------
     0 | D:1      | issech the Troll Fighter began the quest for the Orb.
     0 | D:1      | Reached XP level 1. HP: 22/22 MP: 0/0
   136 | D:1      | Reached XP level 2. HP: 28/29 MP: 1/1
   208 | D:1      | Reached skill level 2 in Maces & Flails
   587 | D:1      | Gained mutation: You sometimes lose the ability to read
                  | scrolls when taking damage. [potion of mutation]
   587 | D:1      | Gained mutation: Your spells are a little easier to cast,
                  | but a little less powerful. [potion of mutation]
   587 | D:1      | Gained mutation: You are robust. (+10% HP) [potion of
                  | mutation]
   603 | D:2      | Found a faded altar of an unknown god.
   610 | D:2      | Reached XP level 3. HP: 39/39 MP: 2/2
   822 | D:2      | Noticed Jessica
   835 | D:2      | Killed Jessica
   935 | D:2      | Reached XP level 4. HP: 48/48 MP: 3/3
  1089 | D:2      | Reached skill level 3 in Maces & Flails
  1492 | D:3      | Found an iron altar of Okawaru.
  1519 | D:3      | Became a worshipper of Warmaster Okawaru
  1825 | D:3      | Reached XP level 5. HP: 57/57 MP: 4/4
  1970 | D:3      | Noticed Grinder
  2007 | D:3      | Paralysed by Grinder for 2 turns
  2013 | D:3      | Paralysed by Grinder for 7 turns
  2040 | D:3      | Paralysed by Grinder for 3 turns
  2053 | D:3      | Killed Grinder
  2053 | D:3      | Reached * piety under Okawaru
  2054 | D:3      | Reached skill level 4 in Maces & Flails
  2054 | D:3      | Reached XP level 6. HP: 25/67 MP: 5/5
  3533 | D:5      | Entered Level 5 of the Dungeon
  3557 | D:5      | Reached XP level 7. HP: 73/73 MP: 6/6
  3578 | D:5      | Found a broken altar of Ashenzari.
  3729 | D:5      | Reached skill level 5 in Maces & Flails
  4063 | D:5      | Found a sparkling altar of Nemelex Xobeh.
  4227 | D:6      | Found a stormy altar of Qazlal.
  4360 | D:6      | Reached ** piety under Okawaru
  4544 | D:6      | Reached XP level 8. HP: 85/85 MP: 7/7
  4692 | D:6      | Reached skill level 6 in Maces & Flails
  4749 | D:6      | Found a basalt altar of Yredelemnul.
  5144 | D:6      | Noticed a two-headed ogre
  5147 | D:6      | Noticed a kobold demonologist
  5153 | D:6      | Reached skill level 7 in Maces & Flails
  5169 | D:6      | Killed a kobold demonologist
  5169 | D:6      | Reached *** piety under Okawaru
  5170 | D:6      | Reached skill level 5 in Dodging
  5170 | D:6      | Reached skill level 1 in Stealth
  5170 | D:6      | Reached XP level 9. HP: 93/93 MP: 8/8
  5176 | D:6      | Killed a two-headed ogre
  5177 | D:6      | Reached skill level 8 in Maces & Flails
  5177 | D:6      | Reached skill level 5 in Shields
  5296 | D:7      | Identified the +5 spear of Okawaru's Esteem {vamp, rPois
                  | rC- Will+++ Int+3}
  5334 | D:7      | Found a staircase to the Ecumenical Temple.
  5448 | D:7      | Found a burning altar of Makhleb.
  5597 | D:7      | Found a white marble altar of Elyvilon.
  5619 | D:7      | Reached skill level 5 in Fighting
  5740 | D:7      | Found a flagged portal.
  5768 | Bailey   | Entered a bailey
  5841 | Bailey   | Reached **** piety under Okawaru
  5891 | Bailey   | Noticed an orc knight
  6014 | Bailey   | Noticed an orc knight
  6018 | Bailey   | Slain by an orc warrior

Illustrated notes

Levels and vault maps discovered:
D:1:      amcnicky_arrival_gap_in_the_tavern_cellar, layout_rooms
D:2:      layout_loops_cross, chequers_ecumenical_altar_simple_redux,
          kennysheep_jessica_study
D:3:      kennysheep_the_goblin_king, layout_basic,
          mainiacjoe_overflow_chevrons, grunt_decor_arrowhead,
          nicolae_underground_beach, uniq_grinder
D:4:      layout_layer_cave, minmay_close_crescents
D:5:      layout_rooms, nemelex_diamond_rough_becter,
          nicolae_ashenzari_skybound, chequers_serial_rivers_micro_b
D:6:      layout_basic, yredelemnul_forgotten_temple_becter,
          grunt_qazlal_sundering, minmay_manual_mullet
D:7:      layout_rooms, lightli_temple_of_fire, elyvilon_altar_3,
          lemuel_temple_firewalk_a, enter_bailey_6, solitary_fountain
Bailey:   bailey_polearm_1, bailey

Skill      XL: |  1  2  3  4  5  6  7  8  9 |
---------------+----------------------------+-----
Maces & Flails | 2 3 4 5 7 8 |  8.9
Dodging        | 3 4 5 |  5.6
Shields        | 3 4 5 |  5.3
Fighting       | 3 4 5 |  5.1
Stealth        | 1 |  1.2

Action                   |  1- 3 |  4- 6 |  7- 9 || total
-------------------------+-------+-------+-------++-------
Melee: Flail             |   115 |   189 |   284 ||   588
  Use: Scroll            |     5 |     7 |     5 ||    17
       Potion            |     1 |       |     2 ||     3
 Stab: Sleeping          |     1 |       |     1 ||     2
Armor: Robe              |    41 |    74 |    74 ||   189
Dodge: Dodged            |    47 |   108 |   158 ||   313
Block: Kite shield       |    41 |   106 |   159 ||   306

Table legend: (Time is in decaauts)
 A = Elapsed time spent in this place.
 B = Non-inter-level travel time spent in this place.
 C = Inter-level travel time spent in this place.
 D = Time resting spent in this place.
 E = Time spent auto-exploring this place.
 F = Levels seen in this place.
 G = Mean time per level.
                   A        B        C        D        E       F      G
               +--------+--------+--------+--------+--------+-----+--------+
         Total |   6257 |   6104 |    153 |     92 |   3172 |   8 |  782.1 |
       Dungeon |   5997 |   5844 |    153 |     92 |   3094 |   7 |  856.7 |
        Bailey |    260 |    260 |      0 |      0 |     77 |   1 |  260.0 |
               +--------+--------+--------+--------+--------+-----+--------+

Top non-repeatable levels by time:
     D:6: 1109 daAuts
     D:4: 1088 daAuts
     D:3: 1084 daAuts
     D:2: 771 daAuts
     D:1: 702 daAuts
     D:5: 693 daAuts
     D:7: 547 daAuts
  Bailey: 260 daAuts
